 Dungeon Crawl Stone Soup version 0.16-a0-3159-ge6ac362 (webtiles) character file.

497186 EonDragon20 the Executioner (level 23, -6/246 (248) HPs)
             Began as a Salamander Berserker on Aug 28, 2015.
             Was the Champion of Trog.
             Mangled by a raiju (8 damage)
             ... on level 5 of the Abyss.
             The game lasted 06:50:40 (63426 turns).

EonDragon20 the Executioner (Salamander Berserker) Turns: 63426, Time: 06:50:40

HP:   -6/246 (248)  AC: 22    Str: 26    XL:     23   Next: 69%
MP:   26/26         EV: 20    Int: 11    God:    Trog [******]
Gold: 2682          SH:  0    Dex: 15    Spells: 0 memorised, 22 levels left

rFire  + + .     SeeInvis +     Q - +9 executioner's axe (flame)
rCold  . . .     Clarity  .     K - +5 scale mail of Bofepruy {rC+ MR++}
rNeg   . . .     SustAb   .     (no shield)
rPois  +         Gourm    .     (helmet restricted)
rElec  .         Spirit   .     q - +2 cloak
rCorr  .         Warding  .     W - +1 pair of gloves
rMut   +         Stasis   .     (no barding)
MR     +++++                    J - amulet of resist mutation
Stlth  ..........               M - ring of see invisible
                                S - ring "Crif" {rPois MR+ Int+2}

@: very slow, almost entirely resistant to hostile enchantments, extremely
unstealthy
A: fiery attack, swim through lava, horns 1, molten scales 2, agile 1, deformed
body, fire resistance 2, mutation resistance 1, robust 1, slowness 2, tough skin
2, cold vulnerability 1
a: Burn Spellbooks, Berserk, Trog's Hand, Brothers in Arms, Renounce Religion
}: 3/15 runes: barnacled, silver, gossamer


You were on level 5 of the Abyss.
You worshipped Trog.
Trog was exalted by your worship.
You were not hungry.

You visited 8 branches of the dungeon, and saw 42 of its levels.
You visited the Abyss 1 time.
You visited 1 bazaar.
You also visited: Bailey.

You collected 5694 gold pieces.
You spent 3012 gold pieces at shops.

Inventory:

Hand weapons
 h - the +4 battleaxe "Khaor" {antimagic, +Blink rC+ Int+3 Stlth--}
   (Trog gifted it to you on level 14 of the Dungeon)

   It disrupts the flow of magical energy around spellcasters and certain
   magical creatures (including the wielder).
   It affects your intelligence (+3).
   It protects you from cold.
   It lets you blink.
   It makes you much less stealthy.
 r - the +6 battleaxe of Guile {holy, rF++ rN+ Int+3}
   (Trog gifted it to you on level 4 of the Orcish Mines)

   It has been blessed by the Shining One to cause great damage to the undead
   and demons.
   It affects your intelligence (+3).
   It greatly protects you from fire.
   It protects you from negative energy.
 Q - a +9 executioner's axe of flaming (weapon)
Armour
 a - the cursed -3 ring mail of the Voivode {Str+1 Int-4, unknown}
   (You found it on level 5 of the Abyss)

   It affects your strength (+1).
   It affects your intelligence (-4).
   It has a curse placed upon it.
 q - a +2 cloak (worn)
 K - the +5 scale mail of Bofepruy (worn) {rC+ MR++}
   (You bought it in a shop on level 11 of the Dungeon)

   It protects you from cold.
   It affects your resistance to hostile enchantments.
 W - a +1 pair of gloves (worn)
Jewellery
 b - the brooch of Shielding {Ward rN+ AC+4 EV+4}
   (You found it on level 2 of the Lair of Beasts)

   [amulet of warding]

   It may prevent the melee attacks of summoned creatures.
   It affects your AC (+4).
   It affects your evasion (+4).
   It protects you from negative energy.
 g - an uncursed ring of ice
 j - an uncursed ring of protection from cold
 m - an uncursed ring of teleport control
 x - an uncursed ring of sustain abilities
 F - an uncursed amulet of warding {unknown}
 H - an uncursed amulet of clarity
 J - an amulet of resist mutation (around neck)
 M - a ring of see invisible (right hand)
 S - the ring "Crif" (left hand) {rPois MR+ Int+2}
   (You found it on level 5 of the Lair of Beasts)

   [ring of protection from magic]

   It affects your intelligence (+2).
   It protects you from poison.
   It affects your resistance to hostile enchantments.
 X - an uncursed ring of flight
 Z - the ring of Shadows {Umbra +Inv rN+ SInv}
   (You bought it in a shop on level 11 of the Dungeon)

   [ring of invisibility]

   It protects you from negative energy.
   It enhances your eyesight.
   It lets you turn invisible.
Magical devices
 p - a wand of fire (6)
 t - a wand of draining (0)
 D - a wand of teleportation (4)
 R - a wand of cold (6)
 T - a wand of draining (3)
 Y - a wand of digging (12)
Scrolls
 d - 2 scrolls of fear
 l - a scroll of brand weapon
 n - 12 scrolls of recharging
 u - a scroll of identify
 w - 20 scrolls of remove curse
 y - 3 scrolls of fog
 E - 2 scrolls of teleportation
 G - a scroll of holy word {unknown}
 N - 4 scrolls of magic mapping
 P - 10 scrolls of enchant armour
Potions
 e - 4 potions of cancellation
 k - 7 potions of restore abilities
 o - 6 potions of haste
 s - 5 potions of flight
 v - 2 potions of agility
 z - 2 potions of resistance
 A - a potion of curing
 C - 4 potions of might
 O - a potion of cure mutation
Books
 L - a book of Unlife

   Spells                             Type                      Level
   a - Recall                         Summoning/Translocation      3
   b - Animate Dead                   Necromancy                   4
   c - Control Undead                 Necromancy                   4
   d - Cigotuvi's Embrace             Necromancy                   5
   e - Death Channel                  Necromancy                   6
   f - Simulacrum                     Ice/Necromancy               6
   Trog disapproves of the use of such an item.
Comestibles
 c - 11 bread rations
 f - 4 meat rations
 i - 5 fruits
 B - 12 slices of pizza
 I - 8 beef jerkies


   Skills:
 * Level 23.1 Fighting
 + Level 26.7 Axes
 + Level 11.3 Armour
 * Level 17.9 Dodging
 + Level 1.0 Evocations


You had 22 spell levels left.
You didn't know any spells.

Dungeon Overview and Level Annotations

Branches:
Dungeon (15/15)            Temple (1/1) D:6            Lair (6/8) D:11
 Shoals (5/5) Lair:4       Spider (5/5) Lair:6          Orc (4/4) D:11
    Elf (0/3) Orc:3        Vaults (5/5) D:14          Crypt (0/3) Vaults:2
 Depths (1/5) D:15
  Slime: Lair:6-8

Altars:
Ashenzari
Cheibriados
Dithmenos
Elyvilon
Fedhas
Gozag
Kikubaaqudgha
Makhleb
Nemelex Xobeh
Okawaru
Qazlal
Ru
Sif Muna
Trog
Vehumet
Xom
Yredelemnul
Zin
The Shining One

Shops:
D:11 =%*:   D:12 }   Orc:4 :!%=   Vaults:1 =   Vaults:3 [

Portals:
Hell: Depths:1
Abyss: Depths:1
Pandemonium: Depths:1

Annotations:
D:9 runed door
D:13 runed door


Innate Abilities, Weirdness & Mutations

Your melee attacks set your foes ablaze.
You cannot wear boots.
You can swim through lava.
Your flesh is very heat resistant.
You cover ground very slowly.
You have very tough skin (AC +2).
You are vulnerable to cold.
You have a pair of small horns on your head.
You are mostly covered in molten scales (AC +3, EV -1).
You are agile. (Dex +2)
Armour fits poorly on your strangely shaped body.
You are somewhat resistant to further mutation.
You are robust (+10% HP).


Message History

You kill the tormentor!
Trog accepts your kill. The raiju bites you.
* * * LOW HITPOINT WARNING * * *
The raiju shocks you!
* * * LOW HITPOINT WARNING * * *
The raiju closely misses you.
You slice the raiju!! You burn the raiju.
You kill the raiju!
Trog accepts your kill.
The raiju bursts into living lightning!
The living lightning hits you!
* * * LOW HITPOINT WARNING * * *
The living lightning hits you!
* * * LOW HITPOINT WARNING * * *
The raiju blinks!
You miss the raiju.
The raiju is severely wounded.
The raiju bites you!
You die...

# ##...# #######
# . .... .... ##
. . . ........ .
..............X..
.. . . .X### ####
.. ######.#.#
#..##..# #.##
#h@#.## ##†.# #
#§### #.#...# #..
..## ##.. .##
#... #. #.. # .#.


2 You could see a raiju.

Vanquished Creatures
  An ancient lich (Vaults:5)
  Boris (Vaults:3)
  Sojobo (Depths:1)
  A golden dragon (Vaults:5)
  A profane servitor (Abyss:2)
  2 bone dragons
  Nikola (Spider:4)
  2 titans
  5 tentacled monstrosities
  A quicksilver dragon (Vaults:5)
  5 liches
  3 krakens
  9 tentacled starspawn
  5 shadow dragons
  4 Executioners
  Rupert (Depths:1)
  3 sphinxes
  An ancient champion (Depths:1)
  2 storm dragons
  5 tengu reavers
  A daeva (Abyss:5)
  Ilsuiw (Shoals:5)
  2 balrugs
  Donald (Orc:4)
  4 fire giants
  2 deep elf sorcerers
  9 vault wardens
  3 emperor scorpions
  5 ghost moths
  4 frost giants
  10 very ugly things
  14 stone giants
  4 war gargoyles
  5 rakshasas
  2 deep elf annihilators (Vaults:5)
  The ghost of braks the Protected, a powerful SaAK of Lugonu (Lair:5)
  2 lorocyprocas
  3 dire elephants (Depths:1)
  3 vampire knights (Depths:1)
  11 ettins
  The ghost of SolCadguy the Spear-Bearer, a powerful SaSk of Okawaru (Orc:4)
  3 merfolk javelineers (Shoals:5)
  5 deep elf death magi
  3 crystal guardians
  28 vault guards
  10 great orbs of eyes
  7 merfolk impalers
  4 fire dragons
  16 yaktaur captains
  5 hydras
  2 deep elf high priests (Vaults:5)
  14 ironheart preservers
  22 ogre magi
  A ghost crab (shapeshifter) (Vaults:5)
  Nessos (D:15)
  A naga warrior (Abyss:4)
  6 merfolk avatars
  4 merfolk aquamancers
  5 ice dragons
  11 centaur warriors
  A satyr (Shoals:4)
  2 dancing weapons
  A vampire mage (Abyss:2)
  4 death yaks (Lair:3)
  17 thrashing horrors
  A tengu warrior (Depths:1)
  A titan zombie (Vaults:5)
  2 death knights (Abyss:2)
  A spriggan berserker (Depths:1)
  A soul eater (Depths:1)
  4 hell hogs
  2 death drakes (shapeshifter)
  10 wretched stars
  2 hell knights
  9 skeletal warriors
  3 shadow wraiths
  A fire crab (Vaults:3)
  11 sea snakes
  43 large abominations
  3 sun demons (Abyss:2)
  The ghost of MrGrieves the Arsonist, an experienced SaFE of Vehumet (Bailey)
  3 unseen horrors
  6 deep elf knights
  8 deep trolls
  3 spatial maelstroms (Abyss:4)
  An ice devil (Abyss:4)
  A deep troll (shapeshifter) (Vaults:4)
  A storm dragon skeleton (Abyss:2)
  A death drake (Abyss:4)
  A harpy (shapeshifter) (Depths:1)
  68 starcursed masses
  An ice statue (D:12)
  3 deep elf summoners
  18 ironbrand convokers
  3 necromancers
  8 hill giants
  19 orc knights
  38 small abominations
  3 giant orange brains
  35 wolf spiders
  12 griffons
  4 wizards
  A fire giant zombie (Vaults:1)
  A frost giant zombie (Abyss:4)
  20 harpies
  An orc sorcerer (D:14)
  42 ugly things
  2 deep elf conjurers
  A statue (Abyss:4)
  9 phantasmal warriors
  10 cyclopes
  7 fauns
  6 human zombies
  4 moths of wrath
  19 orb spiders
  8 manticores
  A salamander (shapeshifter) (Vaults:5)
  2 sixfirhies
  7 water nymphs
  4 red wasps
  5 worldbinders
  12 elephants
  An iron dragon skeleton (Abyss:2)
  6 black mambas
  11 sirens
  A fire giant skeleton (Abyss:2)
  A rust devil (Depths:1)
  Joseph (Lair:1)
  2 centaur zombies
  10 smoke demons
  A queen ant (shapeshifter) (Depths:1)
  8 drowned souls
  3 apocalypse crabs
  19 vault sentinels
  4 torpor snails
  A centaur skeleton (D:14)
  An orange crystal statue (D:13)
  3 komodo dragons
  29 yaktaurs
  An orange demon (Abyss:2)
  A guardian serpent (Abyss:4)
  A kobold demonologist (Abyss:4)
  8 spiny frogs
  2 elves (shapeshifter)
  A hellion (Abyss:4)
  A fire drake (Lair:5)
  2 tormentors
  18 demonic crawlers
  A redback zombie (D:13)
  8 freezing wraiths
  A jumping spider (shapeshifter) (Vaults:1)
  7 hellwings
  15 trolls
  8 ancient zymes
  33 jumping spiders
  5 efreet
  11 deep elf priests
  40 merfolk
  38 two-headed ogres
  A polar bear (shapeshifter) (D:14)
  A giant leech (Abyss:5)
  A polar bear (Lair:4)
  3 wind drakes
  12 boulder beetles
  4 ravens (Depths:1)
  2 blue devils
  A raiju (shapeshifter) (Depths:1)
  An ettin zombie (Abyss:2)
  27 slime creatures
  7 snapping turtles
  27 raiju
  4 flying skulls (Abyss:4)
  15 blink frogs
  24 trapdoor spiders
  6 basilisks
  43 redbacks
  A human (shapeshifter) (Vaults:5)
  2 shadows
  A wyvern (D:13)
  10 vampire mosquitoes
  A wraith (D:10)
  2 air elementals (Depths:1)
  A spriggan (shapeshifter) (Vaults:1)
  A trapdoor spider (shapeshifter) (Vaults:3)
  A spriggan (D:9)
  38 tarantellas
  2 vampires
  11 chaos spawn
  14 neqoxecs
  A human (D:9)
  10 water elementals
  A yak (shapeshifter) (Depths:1)
  10 hippogriffs
  10 deep elf magi
  81 yaks
  3 hungry ghosts
  9 ynoxinuls
  A naga (Abyss:4)
  A fire elemental (Abyss:2)
  3 golden eyes (Abyss:4)
  13 deep elf fighters
  Edmund (D:8)
  6 insubstantial wisps (Abyss:3)
  14 swamp worms (Lair:5)
  9 wargs
  4 mottled dragons
  4 spatial vortices (Abyss:4)
  4 yellow wasps
  18 spiders
  10 water moccasins
  4 porcupines
  5 sky beasts
  40 orc warriors
  A sky beast (shapeshifter) (Vaults:3)
  A spiny frog skeleton (Abyss:2)
  An ettin simulacrum (Vaults:5)
  An eye of draining (Abyss:4)
  3 phantoms
  A swamp drake (shapeshifter) (Vaults:4)
  10 ice beasts
  93 ogres
  An orc zombie (Vaults:1)
  10 boggarts
  A necrophage (D:8)
  25 centaurs
  Sigmund (D:3)
  8 crocodiles
  13 giant frogs
  A giant frog (shapeshifter) (Vaults:4)
  4 brain worms
  Blork the orc (D:6)
  3 big kobolds
  A wyvern zombie (D:11)
  A wyvern skeleton (D:11)
  9 killer bees
  15 scorpions
  2 human simulacra (Vaults:3)
  A boulder beetle zombie (Vaults:1)
  14 electric eels
  10 wights
  2 goliath beetles
  6 crimson imps
  7 hounds
  3 giant frog zombies
  3 quasits
  A gnoll shaman (Orc:4)
  9 jellies
  3 giant frog skeletons
  25 orc priests
  12 iguanas
  6 iron imps
  34 orc wizards
  9 worker ants
  9 hell rats
  26 sheep
  A mummy (D:6)
  2 hound zombies
  3 hound skeletons
  3 worker ant zombies
  22 gnolls
  15 adders
  29 river rats
  A river rat (shapeshifter) (Vaults:5)
  2 giant mites (D:6)
  3 white imps
  3 shadow imps
  7 worms
  8 ufetubi
  2 adder skeletons (D:6)
  An ooze (D:3)
  217 orcs
  5 giant cockroaches
  32 hobgoblins
  9 jackals
  27 kobolds
  A quokka (shapeshifter) (Vaults:5)
  15 quokkas
  2 ball pythons
  14 bats
  5 giant geckos
  A giant gecko skeleton (D:4)
  9 giant newts
  2 giant spores (D:11)
  49 goblins
  A lurking horror (Abyss:2)
  20 rats
  5 ballistomycetes
  9 butterflies (Abyss:4)
  A crawling corpse (Vaults:1)
  8 fungi
  3 macabre masses (Abyss:4)
  44 plants
  10 starspawn tentacles
  10 tentacles
2627 creatures vanquished.

Vanquished Creatures (collateral kills)
  Arachne (Spider:5)
  2 tentacled starspawn (Abyss:5)
  A storm dragon (Vaults:5)
  2 shadow dragons (Vaults:5)
  2 emperor scorpions (Spider:5)
  An orc warlord (Bailey)
  A stone giant (Vaults:4)
  3 rakshasas (Vaults:1)
  A purple draconian (Abyss:5)
  3 merfolk javelineers (Shoals:5)
  3 merfolk impalers
  A vault guard (Vaults:5)
  A yaktaur captain (Vaults:3)
  2 satyrs (Shoals:5)
  A merfolk avatar (Shoals:4)
  A sun demon (Abyss:5)
  An orc knight (Vaults:3)
  2 fauns (Shoals:5)
  A wolf spider (Spider:4)
  2 red wasps (Spider:5)
  A water nymph (Shoals:4)
  9 orb spiders
  A siren (Shoals:5)
  2 smoke demons
  A drowned soul (Shoals:4)
  A vault sentinel (Vaults:3)
  A red devil (Abyss:2)
  An efreet (Abyss:5)
  A deep elf priest (Vaults:1)
  An ancient zyme (Abyss:5)
  A jumping spider (Spider:2)
  5 merfolk
  A wind drake (Shoals:5)
  3 raiju (Abyss:4)
  2 snapping turtles (Shoals:4)
  2 water elementals
  2 large abominations
  A yellow wasp (Spider:5)
  An orc warrior (Bailey)
  An ogre (Vaults:3)
  A hobgoblin (Bailey)
  A goblin (Bailey)
  A starspawn tentacle (Abyss:5)
73 creatures vanquished.

Vanquished Creatures (others)
  A fire giant (Depths:1)
  A great orb of eyes (Vaults:2)
  An iron troll (Spider:5)
  2 deep trolls
  2 hill giants
  An orb spider (Spider:4)
  A manticore (Shoals:5)
  25 drowned souls
  A siren (Shoals:5)
  A yaktaur (Vaults:1)
  3 trolls
  3 two-headed ogres
  A redback (shapeshifter) (Abyss:3)
  5 golden eyes
  6 ogres
  A small abomination (Abyss:4)
  2 lost souls (Vaults:5)
  A centaur zombie (D:11)
  A white imp (Abyss:2)
  2 giant spores
  3 lurking horrors (Abyss:2)
  2 ballistomycetes
  3 bushes (Depths:1)
  6 fungi
  12 plants
  23 starspawn tentacles
  42 starspawn tentacle segments
  17 tentacles
  468 tentacle segments
637 creatures vanquished.

Grand Total: 3337 creatures vanquished

Notes
Turn   | Place    | Note
--------------------------------------------------------------
     0 | D:1      | EonDragon20, the Salamander Berserker, began the quest for the Orb.
     0 | D:1      | Reached XP level 1. HP: 19/19 MP: 1/1
   317 | D:1      | Reached XP level 2. HP: 20/26 MP: 3/3
  1057 | D:2      | Acquired Trog's second power
  1066 | D:2      | Reached XP level 3. HP: 28/33 MP: 4/4
  1191 | D:2      | Found a blossoming altar of Fedhas.
  1195 | D:2      | Found a bloodstained altar of Trog.
  1195 | D:2      | Found a shadowy altar of Dithmenos.
  1200 | D:2      | Found a white marble altar of Elyvilon.
  1390 | D:2      | Reached skill level 4 in Fighting
  1700 | D:2      | Reached XP level 4. HP: 21/40 MP: 5/5
  1911 | D:3      | Noticed Sigmund
  1919 | D:3      | Killed Sigmund
  1919 | D:3      | Reached XP level 5. HP: 47/47 MP: 7/7
  2221 | D:3      | Reached skill level 5 in Axes
  2284 | D:3      | Found an iron altar of Okawaru.
  2666 | D:4      | Reached XP level 6. HP: 43/53 MP: 8/8
  2799 | D:4      | Noticed a hungry ghost
  2811 | D:4      | Killed a hungry ghost
  2811 | D:4      | Reached skill level 6 in Axes
  2959 | D:4      | Noticed an ogre
  2969 | D:4      | Killed an ogre
  2969 | D:4      | Reached skill level 5 in Fighting
  3045 | D:4      | Gained mutation: Your flesh is heat resistant. [salamander growth]
  3045 | D:4      | Reached XP level 7. HP: 59/61 MP: 9/9
  3322 | D:5      | Entered Level 5 of the Dungeon
  3447 | D:5      | Got a steaming short sword
  3454 | D:5      | Identified the +8 short sword of the Wasteland {flame, Str+2} (You found it on level 5 of the Dungeon)
  3624 | D:6      | Reached skill level 7 in Axes
  3910 | D:5      | Acquired Trog's third power
  3970 | D:5      | Reached XP level 8. HP: 55/70 MP: 11/11
  4197 | D:5      | Reached skill level 8 in Axes
  4386 | D:5      | Found a stormy altar of Qazlal.
  4387 | D:5      | Found an iron altar of Okawaru.
  4388 | D:5      | Found a basalt altar of Yredelemnul.
  5165 | D:6      | Noticed Blork the orc
  5172 | D:6      | Killed Blork the orc
  5172 | D:6      | Reached skill level 9 in Axes
  5172 | D:6      | Reached XP level 9. HP: 72/78 MP: 12/12
  5205 | D:6      | Found a staircase to the Ecumenical Temple.
  5325 | Temple   | Entered the Ecumenical Temple
  5811 | D:7      | Received a gift from Trog
  6151 | D:7      | Reached skill level 5 in Dodging
  6576 | D:8      | Reached skill level 5 in Armour
  6604 | D:8      | Reached skill level 10 in Axes
  6631 | D:8      | Noticed Edmund
  6886 | D:8      | Found a flagged portal.
  6897 | Bailey   | Entered a bailey
  6897 | Bailey   | Noticed MrGrieves' ghost (experienced SaFE)
  6905 | Bailey   | Killed MrGrieves' ghost
  6998 | Bailey   | Received a gift from Trog
  7075 | Bailey   | Noticed an orc knight
  7077 | Bailey   | Noticed an orc knight
  7094 | Bailey   | Killed an orc knight
  7094 | Bailey   | Reached XP level 10. HP: 72/86 MP: 13/13
  7297 | Bailey   | Reached skill level 11 in Axes
  7310 | Bailey   | Killed an orc knight
  7674 | Bailey   | Noticed an orc warlord
  7747 | Bailey   | Noticed an orc knight
  7761 | Bailey   | Killed an orc knight
  7922 | Bailey   | Killed an orc warlord
  7930 | Bailey   | Got a bloodstained dagger
  8076 | Bailey   | Identified the +4 dagger "Schioz" {pierce, rF+} (You took it off a hobgoblin in a bailey)
  8100 | Bailey   | Reached skill level 12 in Axes
  8124 | Bailey   | Gained mutation: You are agile. (Dex +2) [potion of beneficial mutation]
  8125 | Bailey   | Gained mutation: You are robust (+10% HP). [potion of beneficial mutation]
  8126 | Bailey   | Gained mutation: You are partially covered in molten scales (AC +1). [potion of beneficial mutation]
  8383 | D:8      | Killed Edmund
  8457 | D:9      | Found a runed door.
  8483 | D:9      | Received a gift from Trog
  8734 | D:9      | Reached XP level 11. HP: 104/104 MP: 5/15
  8920 | D:9      | Found a basalt altar of Yredelemnul.
  9487 | D:10     | Entered Level 10 of the Dungeon
  9824 | D:10     | Reached skill level 13 in Axes
  9876 | D:10     | Gained mutation: You are mostly covered in molten scales (AC +3, EV -1). [potion of beneficial mutation]
 10043 | D:10     | Noticed a hill giant
 10048 | D:10     | Killed a hill giant
 10481 | D:10     | Noticed a hill giant
 10495 | D:9      | Killed a hill giant
 10629 | D:11     | Found Vuomoaxku's Food Emporium.
 10639 | D:11     | Found Ylan's Jewellery Shoppe.
 10652 | D:11     | Bought the ring of Shadows {Umbra +Inv rN+ SInv} for 499 gold pieces
 10759 | D:11     | Reached skill level 14 in Axes
 10807 | D:11     | Noticed a hill giant
 10816 | D:11     | Killed a hill giant
 10816 | D:11     | Reached XP level 12. HP: 33/116 MP: 5/17
 11068 | D:11     | Noticed an unseen horror
 11080 | D:11     | Found Yqayg's Assorted Antiques.
 11082 | D:11     | Killed an unseen horror
 11106 | D:11     | Bought a scroll of identify for 64 gold pieces
 11106 | D:11     | Bought a scroll of identify for 64 gold pieces
 11310 | D:11     | Received a gift from Trog
 11777 | D:11     | Noticed a skeletal warrior
 11778 | D:11     | Noticed a skeletal warrior
 11778 | D:11     | Noticed a skeletal warrior
 11779 | D:11     | Noticed a skeletal warrior
 11780 | D:11     | Noticed a skeletal warrior
 11786 | D:11     | Killed a skeletal warrior
 11790 | D:11     | Killed a skeletal warrior
 11792 | D:11     | Killed a skeletal warrior
 11792 | D:11     | Reached skill level 10 in Fighting
 12252 | D:11     | Found a staircase to the Orcish Mines.
 12280 | D:11     | Found a staircase to the Lair.
 12336 | D:11     | Found Zymuon's Book Shop.
 12388 | D:11     | Killed a skeletal warrior
 12519 | Orc:1    | Entered Level 1 of the Orcish Mines
 12746 | Orc:1    | Reached skill level 15 in Axes
 12802 | D:11     | Bought an uncursed ring of poison resistance for 220 gold pieces
 12980 | Orc:2    | Received a gift from Trog
 13689 | Orc:3    | Received a gift from Trog
 13797 | Orc:3    | Found a staircase to the Elven Halls.
 14449 | D:11     | Bought a black opal-studded scale mail for 288 gold pieces
 14460 | D:11     | Identified the +5 scale mail of Bofepruy {rC+ MR++} (You bought it in a shop on level 11 of the Dungeon)
 14504 | Lair:1   | Entered Level 1 of the Lair of Beasts
 14613 | Lair:1   | Noticed Joseph
 14626 | Lair:1   | Killed Joseph
 15590 | Lair:2   | Reached XP level 13. HP: 118/125 MP: 18/18
 15630 | Lair:2   | Received a gift from Trog
 16031 | Lair:3   | Reached skill level 16 in Axes
 16893 | Lair:4   | Received a gift from Trog
 17474 | Lair:4   | Found a staircase to the Shoals.
 17861 | Lair:4   | Reached skill level 17 in Axes
 18016 | Lair:5   | Received a gift from Trog
 18283 | Lair:5   | Noticed braks' ghost (powerful SaAK)
 18295 | Lair:5   | Killed braks' ghost
 18511 | Lair:5   | Found a staircase to the Shoals.
 18734 | Lair:5   | Gained mutation: Your flesh is very heat resistant. [salamander growth]
 18734 | Lair:5   | Reached XP level 14. HP: 126/137 MP: 19/19
 18883 | Lair:5   | Got a scorched granite ring
 18937 | Lair:5   | Received a gift from Trog
 19328 | Lair:6   | Identified the ring "Crif" {rPois MR+ Int+2} (You found it on level 5 of the Lair of Beasts)
 19541 | Lair:6   | Found a hole to the Spider Nest.
 19697 | Spider:1 | Entered Level 1 of the Spider Nest
 19780 | Spider:1 | Reached skill level 18 in Axes
 19990 | Spider:1 | Received a gift from Trog
 20333 | Spider:1 | Reached skill level 10 in Dodging
 21383 | Spider:2 | Received a gift from Trog
 22178 | Spider:2 | Noticed a ghost moth
 22220 | Spider:2 | Killed a ghost moth
 22333 | Spider:2 | Noticed an emperor scorpion
 22348 | Spider:2 | Killed an emperor scorpion
 22348 | Spider:2 | Reached XP level 15. HP: 139/147 MP: 20/20
 22765 | Spider:2 | Reached skill level 19 in Axes
 24595 | Spider:4 | Received a gift from Trog
 24752 | Spider:4 | Noticed Nikola
 24771 | Spider:4 | Killed Nikola
 25859 | Spider:5 | Entered Level 5 of the Spider Nest
 25859 | Spider:5 | Noticed Arachne
 25986 | Spider:5 | Killed Arachne
 26433 | Spider:5 | Received a gift from Trog
 26570 | Spider:5 | Reached skill level 20 in Axes
 27022 | Spider:5 | Received a gift from Trog
 27351 | Spider:5 | Reached XP level 16. HP: 126/158 MP: 20/20
 27806 | Spider:5 | Got a gossamer rune of Zot
 28312 | D:11     | Bought a scroll labeled FIMEWI FOFIPRI for 32 gold pieces
 28434 | Orc:4    | Entered Level 4 of the Orcish Mines
 28457 | Orc:4    | Noticed Donald
 28464 | Orc:4    | Killed Donald
 28487 | Orc:4    | Received a gift from Trog
 28497 | Orc:4    | Noticed SolCadguy's ghost (powerful SaSk)
 28497 | Orc:4    | Got an ichor-stained battleaxe {god gift}
 28564 | Orc:4    | Killed SolCadguy's ghost
 28897 | Orc:4    | Found Selis' Food Emporium.
 28926 | Orc:4    | Received a gift from Trog
 29097 | Orc:4    | Found Ihuemn's Book Shop.
 29099 | Orc:4    | Found Schebb's Distillery.
 29101 | Orc:4    | Found Keolila's Jewellery Shoppe.
 29136 | Orc:4    | Bought an uncursed amulet of clarity for 260 gold pieces
 29654 | D:12     | Identified the +6 battleaxe of Guile {holy, rF++ rN+ Int+3} (Trog gifted it to you on level 4 of the Orcish Mines)
 29693 | D:12     | Found Ocaunlup's Gadget Shoppe.
 29730 | D:12     | Received a gift from Trog
 29958 | D:12     | Reached skill level 21 in Axes
 30016 | D:12     | Gained mutation: You have a pair of small horns on your head. [potion of beneficial mutation]
 30384 | D:13     | Received a gift from Trog
 30399 | D:13     | Found a blossoming altar of Fedhas.
 30417 | D:13     | Found a flickering gateway to a bazaar.
 30426 | Bazaar   | Entered a bazaar
 30439 | Bazaar   | Found Ciusir's Weapon Emporium.
 30439 | Bazaar   | Found Giaduu's Food Emporium.
 30475 | Bazaar   | Found Saovuletyl's Weapon Shoppe.
 30475 | Bazaar   | Found Phoh's General Store.
 30883 | D:13     | Found a runed door.
 31729 | D:14     | Found a sacrificial altar of Ru.
 31967 | D:14     | Found a gate to the Vaults.
 32232 | D:14     | Received a gift from Trog
 32253 | D:14     | Got a dazzling battleaxe {god gift}
 32254 | D:14     | Identified the +4 battleaxe "Khaor" {antimagic, +Blink rC+ Int+3 Stlth--} (Trog gifted it to you on level 14 of the Dungeon)
 32361 | D:15     | Entered Level 15 of the Dungeon
 32411 | D:15     | Noticed Nessos
 32429 | D:15     | Killed Nessos
 32429 | D:15     | Reached XP level 17. HP: 169/169 MP: 21/21
 32667 | D:15     | Found a staircase to the Depths.
 33484 | Shoals:1 | Entered Level 1 of the Shoals
 34235 | Shoals:2 | Reached skill level 22 in Axes
 34494 | Shoals:2 | Received a gift from Trog
 35998 | Shoals:4 | Reached skill level 15 in Fighting
 37358 | Shoals:4 | Received a gift from Trog
 37620 | Shoals:5 | Entered Level 5 of the Shoals
 37677 | Shoals:5 | Noticed Ilsuiw
 38015 | Shoals:5 | Killed Ilsuiw
 38277 | Shoals:5 | Received a gift from Trog
 39724 | Vaults:1 | Entered Level 1 of the Vaults
 39732 | Vaults:1 | Reached XP level 18. HP: 179/179 MP: 22/22
 40050 | Vaults:1 | Found Jyomow's Jewellery Boutique.
 40063 | Vaults:1 | Reached skill level 10 in Armour
 40271 | Vaults:1 | Reached skill level 23 in Axes
 40363 | Vaults:1 | Gained mutation: You are somewhat resistant to further mutation. [potion of beneficial mutation]
 41859 | Vaults:2 | Found a staircase to the Crypt.
 41859 | Vaults:2 | Found a basalt altar of Yredelemnul.
 41868 | Vaults:2 | Found an ancient bone altar of Kikubaaqudgha.
 41912 | Vaults:2 | Received a gift from Trog
 42742 | Vaults:2 | Received a gift from Trog
 43007 | Vaults:3 | Noticed Boris
 43031 | Vaults:3 | Killed Boris
 43496 | Vaults:3 | Reached XP level 19. HP: 114/191 MP: 22/22
 43622 | Vaults:3 | Received a gift from Trog
 44571 | Vaults:3 | Found Cococ's Antique Armour Shoppe.
 44575 | Vaults:3 | Bought a polished plate armour for 980 gold pieces
 44586 | Vaults:3 | Identified the +7 plate armour of the Assorted Blessings {Str+2 Dex+1} (You bought it in a shop on level 3 of the Vaults)
 44671 | Vaults:3 | Received a gift from Trog
 45365 | Vaults:4 | Reached skill level 24 in Axes
 45748 | Vaults:4 | Received a gift from Trog
 46726 | Vaults:4 | Reached XP level 20. HP: 163/207 MP: 23/23
 46873 | Vaults:4 | Received a gift from Trog
 48072 | D:11     | Bought an uncursed ring of see invisible for 165 gold pieces
 48101 | D:11     | Killed a skeletal warrior
 48149 | Lair:1   | Noticed a seven-headed hydra
 48156 | Lair:1   | Killed a four-headed hydra
 48327 | Lair:4   | Received a gift from Trog
 49365 | Shoals:5 | Reached skill level 15 in Dodging
 49481 | Shoals:5 | Got a barnacled rune of Zot
 50167 | Vaults:5 | Entered Level 5 of the Vaults
 50459 | Vaults:5 | Reached skill level 1 in Evocations
 52783 | Vaults:5 | Received a gift from Trog
 52783 | Vaults:5 | Reached XP level 21. HP: 185/220 MP: 25/25
 52809 | Vaults:5 | Noticed a golden dragon
 52818 | Vaults:5 | Noticed an ancient lich
 52907 | Vaults:5 | HP: 1/220 [stone giant/large rock (13)]
 53734 | Vaults:4 | Reached skill level 25 in Axes
 54927 | Vaults:5 | Killed an ancient lich
 55638 | Vaults:5 | Killed a golden dragon
 55799 | Vaults:5 | Got a silver rune of Zot
 56141 | D:11     | Bought an uncursed amulet of resist mutation for 440 gold pieces
 56338 | Depths:1 | Entered Level 1 of the Depths
 56367 | Depths:1 | Found a one-way gate to the infinite horrors of the Abyss.
 56414 | Depths:1 | Reached XP level 22. HP: 143/234 MP: 25/25
 56428 | Depths:1 | Received a gift from Trog
 56769 | Depths:1 | Found a gateway to Hell.
 57622 | Depths:1 | Found a one-way gate leading to the halls of Pandemonium.
 57891 | Depths:1 | Noticed Rupert
 57905 | Depths:1 | Killed Rupert
 57946 | Depths:1 | Noticed Sojobo
 57966 | Depths:1 | Killed Sojobo
 58085 | Depths:1 | Received a gift from Trog
 58275 | Depths:1 | Voluntarily entered the Abyss.
 58277 | Abyss:1  | Found a corrupted altar of Lugonu.
 58296 | Abyss:2  | Found a shimmering altar of Xom.
 58481 | Abyss:2  | Found a corrupted altar of Lugonu.
 58501 | Abyss:2  | Gained mutation: Armour fits poorly on your strangely shaped body. [a neqoxec]
 58861 | Abyss:2  | Paralysed by you for 3 turns
 59489 | Abyss:2  | Received a gift from Trog
 59700 | Abyss:2  | Reached skill level 26 in Axes
 60236 | Abyss:2  | Paralysed by accursed screaming for 1 turns
 60305 | Abyss:2  | Found a corrupted altar of Lugonu.
 60832 | Abyss:3  | Found a corrupted altar of Lugonu.
 60921 | Abyss:4  | Received a gift from Trog
 61107 | Abyss:4  | Reached XP level 23. HP: 160/246 MP: 26/26
 61422 | Abyss:4  | Found a runed door.
 61423 | Abyss:4  | Found a runed door.
 61423 | Abyss:4  | Found a runed door.
 62574 | Abyss:4  | Found a corrupted altar of Lugonu.
 62675 | Abyss:5  | Entered Level 5 of the Abyss
 62690 | Abyss:5  | Got a spiked ring mail
 62917 | Abyss:5  | HP: 3/246 [raiju/living lightning (18)]
 63245 | Abyss:5  | Paralysed by accursed screaming for 1 turns
 63425 | Abyss:5  | HP: 5/246 [raiju/living lightning (19)]
 63425 | Abyss:5  | HP: 2/246 [raiju/living lightning (3)]
 63426 | Abyss:5  | Mangled by a raiju

Action                   |  1- 3 |  4- 6 |  7- 9 | 10-12 | 13-15 | 16-18 | 19-21 | 22-24 || total
-------------------------+-------+-------+-------+-------+-------+-------+-------+-------++-------
Melee: Hand axe          |   167 |   127 |   326 |       |       |       |       |       ||   620
       Broad axe         |       |       |   147 |       |       |       |       |       ||   147
       Battleaxe         |       |       |    26 |   142 |       |  1399 |  1091 |       ||  2658
       Executioner's axe |       |       |       |   580 |  1063 |   254 |   205 |   990 ||  3092
       Dagger            |       |       |       |     2 |       |       |       |       ||     2
Invok: Berserk           |     2 |     4 |     9 |    17 |     4 |    12 |    12 |     8 ||    68
       Brothers in Arms  |       |       |       |     1 |     6 |    12 |    17 |     5 ||    41
       Burn Spellbooks   |       |       |       |       |       |     1 |     1 |       ||     2
       Trog's Hand       |       |       |       |       |       |       |     3 |     4 ||     7
 Abil: Evoke Teleport Co |       |       |       |       |       |       |     6 |       ||     6
Evoke: Wand              |       |       |     3 |       |     3 |       |     4 |       ||    10
  Use: Scroll            |       |     4 |    11 |    23 |    15 |    12 |    16 |     8 ||    89
       Potion            |       |       |       |     4 |       |     8 |     6 |     8 ||    26
 Stab: Sleeping          |     1 |       |       |       |       |       |       |       ||     1
       Distracted        |       |       |       |       |       |     1 |     4 |       ||     5
  Eat: Chunk             |     4 |     7 |    21 |    25 |    27 |    41 |    12 |     5 ||   142
       Pizza             |       |     1 |       |     4 |       |     1 |       |       ||     6
       Bread ration      |       |       |     1 |     1 |     1 |     2 |     5 |     4 ||    14
       Meat ration       |       |       |       |     1 |     2 |     2 |     4 |     2 ||    11
       Royal jelly       |       |       |       |     2 |     1 |     1 |       |     1 ||     5
       Fruit             |       |       |       |       |       |     5 |     2 |       ||     7
       Beef jerky        |       |       |       |       |       |       |       |     1 ||     1
